 Dungeon Crawl Stone Soup version 0.29-a0-284-gf9362112df (webtiles) character file.

Game seed: 16459384003701559323

116 sammy202020 the Skirmisher (level 4, -4/55 HPs)
             Began as a Demonspawn Berserker on Mar 29, 2022.
             Was a Believer of Trog.
             Slain by a gnoll
             ... wielding a +0 halberd
              (16 damage)
             ... on level 3 of the Dungeon.
             The game lasted 00:02:28 (1788 turns).

sammy202020 the Skirmisher (Demonspawn Berserker)   Turns: 1788, Time: 00:02:30

Health: -4/55      AC:  5    Str: 22    XL:     4   Next: 69%
Magic:  4/4        EV: 11    Int: 11    God:    Trog [**....]
Gold:   95         SH:  0    Dex: 12    Spells: 3/3 levels left

rFire   . . .      SeeInvis .   n - +6 hand axe "Qakucugo" {vorpal, Will+ Str+5}
rCold   . . .      Faith    .   k - orb {light}
rNeg    . . .      Spirit   .   i - +0 ring mail
rPois   +          Reflect  .   (no helmet)
rElec   .          Harm     .   (no cloak)
rCorr   .          Rampage  .   (no gloves)
Will    ++...                   (no boots)
Stlth   ..........              (no amulet)
HPRegen 0.18/turn               m - ring of poison resistance
MPRegen 0.09/turn               o - ring of willpower

@: berserking, lethally poisoned (-4 -> -8), glowing, very quick
A: hooves 2, powered by death 1
a: Renounce Religion, Berserk, Trog's Hand


You were on level 3 of the Dungeon.
You worshipped Trog.
Trog was pleased with you.
You visited 1 branch of the dungeon, and saw 3 of its levels.

You collected 95 gold pieces.

Inventory:

Hand Weapons
 a - a +0 mace
 n - the +6 hand axe "Qakucugo" (weapon) {vorpal, Will+ Str+5}
   (You took it off a kobold on level 2 of the Dungeon)

   It inflicts extra damage upon your enemies.
   Str:       It affects your strength (+5).
   Will:      It increases your willpower.
Missiles
 h - 4 poisoned darts (quivered)
Armour
 b - a +0 animal skin
 i - a +0 ring mail (worn)
 k - an orb of light (worn)
Jewellery
 c - a ring of fire
 m - a ring of poison resistance (left hand)
 o - a ring of willpower (right hand)
Scrolls
 d - 3 scrolls of teleportation {unknown}
 l - 2 scrolls of identify {unknown}
 p - a scroll of immolation {unknown}
 q - a scroll of enchant armour {unknown}
 r - a scroll of magic mapping {unknown}
Potions
 e - a potion of curing {unknown}
 f - a potion of flight {unknown}
 g - a potion of attraction {unknown}
 j - 2 potions of brilliance {unknown}
 s - a potion of berserk rage {unknown}
 t - a potion of mutation {unknown}


   Skills:
 * Level 3.9 Fighting
 * Level 1.3(2.4) Axes
 - Level 3.0(3.2) Maces & Flails
 * Level 2.8 Armour
 + Level 2.2 Dodging


You had 3 spell levels left.
You didn't know any spells.
Your spell library was empty.

Dungeon Overview and Level Annotations

Branches:
Dungeon (3/15)

Altars:
Trog


Innate Abilities, Weirdness & Mutations

You have hoof-like feet.
You regenerate a little health from kills.


Message History

You slash the gnoll!
You kill the gnoll!
Trog accepts your kill.
An adder comes into view.
The gnoll barely misses you.
The adder hisses angrily.
The goblin closely misses you. The gnoll hits you with a +0 halberd!
Things that are here:
a +0 whip; a hobgoblin corpse You hit the adder.
The adder is severely wounded.
You slash the gnoll! You hit the goblin.
You kill the goblin!
Trog accepts your kill. The adder bites you but does no damage.
A ball python comes into view.
The gnoll hits you with a +0 halberd!
* * * LOW HITPOINT WARNING * * *
The adder bites you but does no damage.
You are too injured to fight recklessly!
You are too injured to fight recklessly!
Unknown command.
A red film seems to cover your vision as you go berserk!
You feel yourself moving faster!
You feel mighty!
The ball python hisses angrily.
The adder bites you.
* * * LOW HITPOINT WARNING * * *
You are poisoned.
The adder poisons you! The gnoll closely misses you.
You slash the adder!
You kill the adder!
Trog accepts your kill.
You completely miss the gnoll.
You feel sick. The gnoll barely misses you.
You completely miss the gnoll.
The gnoll is severely wounded.
You hit the ball python.
You kill the ball python!
Trog accepts your kill.
You feel sick. The gnoll hits you with a +0 halberd!
You die...

.....###.# .....# #.#
.... .....# #.# ....
.....# #.# ..... '#+###
#.####### ... . .#.#
#.......# .....#
.#.###########.###.#....
..............).)†....(.
...............)@)......
.................g......
........................
...)....................
........................
........................
........................
........................
....................


You could see a gnoll.

Vanquished Creatures
  2 gnolls (D:3)
  5 adders
  A worm (D:2)
  A dart slug (D:1)
  An orc (D:3)
  4 endoplasms
  A giant cockroach (D:2)
  5 goblins
  4 hobgoblins
  3 jackals (D:1)
  4 ball pythons
  5 bats
  3 frilled lizards
  4 kobolds
  3 rats
46 creatures vanquished.

Notes
Turn   | Place    | Note
-------+----------+-------------------------------------------
     0 | D:1      | sammy202020 the Demonspawn Berserker began the quest for
                  | the Orb.
     0 | D:1      | Reached XP level 1. HP: 18/18 MP: 1/1
   119 | D:1      | Found a faded altar of an unknown god.
   312 | D:1      | Gained mutation: You have large cloven feet. [demonic
                  | ancestry]
   312 | D:1      | Reached XP level 2. HP: 17/24 MP: 2/2
   720 | D:2      | Identified the +6 hand axe "Qakucugo" {vorpal, Will+ Str+5}
   849 | D:2      | Gained mutation: You regenerate a little health from kills.
                  | [demonic ancestry]
   849 | D:2      | Reached XP level 3. HP: 29/29 MP: 3/3
   912 | D:2      | Reached ** piety under Trog
  1269 | D:2      | Found a bloodstained altar of Trog.
  1705 | D:3      | Gained mutation: You have hoof-like feet. [demonic
                  | ancestry]
  1705 | D:3      | Reached XP level 4. HP: 37/37 MP: 4/4
  1737 | D:3      | Reached skill level 1 in Axes
  1788 | D:3      | Slain by a gnoll

Illustrated notes

Levels and vault maps discovered:
D:1:      eino_arrival_druids_welcome, layout_basic,
          chequers_ecumenical_altar_simple_redux
D:2:      layout_basic, basic_altar, minmay_tiny_reverse_x
D:3:      layout_basic, serial_shops, shop

Skill      XL: |  1  2  3  4 |
---------------+-------------+-----
Armour         | 2 |  2.8
Maces & Flails | 3 |  3.0
Dodging        | 2 |  2.2
Axes           | 1 |  1.3
Fighting       | |  3.9

Action                   |  1- 3 |  4- 6 || total
-------------------------+-------+-------++-------
Melee: Mace              |    44 |       ||    44
       Kick              |    10 |     1 ||    11
       Hand axe          |    29 |    13 ||    42
Invok: Berserk           |       |     1 ||     1
Armor: Ring mail         |    25 |     3 ||    28
       Animal skin       |     3 |       ||     3
Dodge: Dodged            |    45 |     9 ||    54

Table legend: (Time is in decaauts)
 A = Elapsed time spent in this place.
 B = Non-inter-level travel time spent in this place.
 C = Inter-level travel time spent in this place.
 D = Time resting spent in this place.
 E = Time spent auto-exploring this place.
 F = Levels seen in this place.
 G = Mean time per level.
                   A        B        C        D        E       F      G
               +--------+--------+--------+--------+--------+-----+--------+
         Total |   1805 |   1705 |    100 |      0 |   1408 |   3 |  601.7 |
       Dungeon |   1805 |   1705 |    100 |      0 |   1408 |   3 |  601.7 |
               +--------+--------+--------+--------+--------+-----+--------+

Top non-repeatable levels by time:
     D:2: 1043 daAuts
     D:1: 622 daAuts
     D:3: 139 daAuts
